 Dungeon Crawl Stone Soup version 0.28.0-47-ge53b351184 (webtiles) character file.

Game seed: 3475988818595635610

152 issech the Shield-Bearer (level 5, -1/52 HPs)
             Began as a Troll Fighter on May 1, 2022.
             Killed by nerve-wracking pain
             ... invoked by Grinder
              (13 damage)
             ... on level 3 of the Dungeon.
             The game lasted 00:06:15 (1791 turns).

issech the Shield-Bearer (Troll Fighter)            Turns: 1791, Time: 00:06:15

Health: -1/52      AC:  4    Str: 24    XL:     5   Next: 11%
Magic:  4/4        EV:  9    Int:  4    God:
Gold:   113        SH:  7    Dex: 11    Spells: 4/4 levels left

rFire   . . .      SeeInvis .   s - +3 mace
rCold   . . .      Faith    .   c - +0 kite shield
rNeg    . . .      Spirit   .   b - +0 robe
rPois   .          Reflect  .   (helmet restricted)
rElec   .          Harm     .   (no cloak)
rCorr   .          Rampage  .   (gloves unavailable)
Will    .....                   (boots unavailable)
Stlth   +.........              (no amulet)
HPRegen 0.97/turn               (no ring)
MPRegen 0.09/turn               (no ring)

@: no status effects
A: large, unfitting armour, claws 3, regeneration 1, shaggy fur 1, tough skin 1
a: no special abilities


You were on level 3 of the Dungeon.
You visited 1 branch of the dungeon, and saw 3 of its levels.

You collected 113 gold pieces.

Inventory:

Hand Weapons
 a - a +0 flail
 i - a +0 war axe
 m - a +0 hunting sling
 s - a +3 mace (weapon)
Missiles
 g - 49 stones
 l - 3 large rocks (quivered)
 p - 55 arrows
 q - 3 silver boomerangs
 u - 23 bolts
 v - 4 poisoned darts
Armour
 b - a +0 robe (worn)
 c - a +0 kite shield (worn)
Wands
 w - a wand of acid (10)
Scrolls
 h - a scroll of amnesia {unknown}
 j - 2 scrolls of identify {unknown}
 n - 2 scrolls of immolation {unknown}
 o - a scroll of summoning {unknown}
 r - a scroll of acquirement {unknown}
 t - a scroll of magic mapping {unknown}
Potions
 d - 2 potions of might
 e - 2 potions of mutation {unknown}
 f - a potion of haste {unknown}
 k - a potion of curing {unknown}


   Skills:
 + Level 2.9 Fighting
 + Level 1.5(2.1) Axes
 + Level 2.3(2.6) Maces & Flails
 + Level 3.1 Dodging
 + Level 0.3 Stealth
 + Level 3.1 Shields


You had 4 spell levels left.
You didn't know any spells.
Your spell library contained the following spells:

 Spells                   Type           Power      Damage    Failure   Level
 Frozen Ramparts          Ice            0%         1d2       99%         3
 Ice Form                 Ice/Tmut       0%         N/A       100%        4
 Summon Ice Beast         Ice/Summ       0%         N/A       100%        4


Dungeon Overview and Level Annotations

Branches:
Dungeon (3/15)

Altars:

Shops:
D:2 [   D:3 (

Annotations:
D:3 Grinder


Innate Abilities, Weirdness & Mutations

You are too large for most types of armour.
You have claws for hands.
Your natural rate of healing is unusually fast.
You are covered in fur. (AC +1)
You have tough skin. (AC +1)


Message History

Grinder gestures at you.
You shrug off the repeated paralysis!
You can move again.
Grinder blinks!
Grinder blinks!
You closely miss Grinder.
Grinder is severely wounded.
Grinder hits you but does no damage.
You hit Grinder.
Grinder is severely wounded.
Grinder zaps a wand.
The puff of flame hits you!
You hit Grinder.
Grinder is almost dead.
Grinder blinks!
Grinder zaps a wand.
The puff of flame hits you!
The now-empty wand crumbles to dust.
Grinder hits you.
You writhe in agony.
You hit Grinder but do no damage.
Grinder is almost dead.
Grinder gestures at you.
You barely resist. You hit Grinder.
Grinder is almost dead.
Grinder gestures at you. Pain shoots through your body!
Grinder gestures at you.
You barely resist. You barely miss Grinder.
Grinder is almost dead.
Grinder gestures at you. Pain shoots through your body!
* * * LOW HITPOINT WARNING * * *
You closely miss Grinder.
Grinder is almost dead.
Grinder hits you but does no damage.
You closely miss Grinder.
Grinder is almost dead.
Grinder gestures at you. Pain shoots through your body!
You die...

..............##.#
..............##.#
...........#..##.#
###.#.#.#..#..##.#
...##.#.#......#.######
......................#
#####......#...#.######
######..##.....#5#
........##.#.#.#@#######
#######.##.#.#.........#
.............###########
#######.##.#.######
#...........#
#.##.#.###### ########


You could see Grinder.

Vanquished Creatures
  An ice beast (D:3)
  An adder (D:2)
  A dart slug (D:1)
  3 orcs (D:2)
  4 endoplasms
  6 giant cockroaches
  A hobgoblin (D:2)
  3 jackals (D:1)
  4 kobolds
  4 quokkas
  5 ball pythons
  4 bats
  4 rats (D:2)
41 creatures vanquished.

Notes
Turn   | Place    | Note
-------+----------+-------------------------------------------
     0 | D:1      | issech the Troll Fighter began the quest for the Orb.
     0 | D:1      | Reached XP level 1. HP: 22/22 MP: 0/0
    81 | D:1      | Reached XP level 2. HP: 26/29 MP: 1/1
   748 | D:2      | Reached XP level 3. HP: 36/36 MP: 2/2
   943 | D:2      | Found Juguanit's Armour Emporium.
  1364 | D:3      | Found Rauphuw's Weapon Shop.
  1371 | D:3      | Noticed Grinder
  1372 | D:3      | Paralysed by Grinder for 6 turns
  1383 | D:3      | Noticed an ice beast
  1667 | D:3      | Killed an ice beast
  1668 | D:3      | Reached skill level 1 in Axes
  1668 | D:3      | Reached XP level 4. HP: 24/44 MP: 3/3
  1668 | D:3      | Reached XP level 5. HP: 29/52 MP: 4/4
  1756 | D:3      | Paralysed by Grinder for 4 turns
  1771 | D:3      | Paralysed by Grinder for 2 turns
  1791 | D:3      | Killed from afar by Grinder

Illustrated notes

Levels and vault maps discovered:
D:1:      minmay_arrival_stone_box, layout_rooms,
          shapermc_ecumenical_altar_petra
D:2:      layout_loops_cross, serial_shops, nicolae_shop_hallway_plus, hex_tiny
D:3:      layout_basic, serial_shops, shop_fountains, minmay_crystal_room,
          uniq_grinder, uniq_robin, uniq_terence

Skill      XL: |  1  2  3 |
---------------+----------+-----
Maces & Flails | 2 |  2.3
Shields        | 3 |  3.1
Axes           | 1 |  1.5
Dodging        | 3 |  3.1
Fighting       | |  2.9
Stealth        | |  0.3

Action                   |  1- 3 |  4- 6 || total
-------------------------+-------+-------++-------
Melee: Flail             |    31 |       ||    31
       War axe           |    42 |       ||    42
       Mace              |    41 |    18 ||    59
Throw: Large rock        |     2 |       ||     2
 Stab: Sleeping          |     1 |       ||     1
Armor: Robe              |    35 |     2 ||    37
Dodge: Dodged            |    44 |     5 ||    49
Block: Kite shield       |    50 |     2 ||    52
